 Dungeon Crawl Stone Soup version 0.31-a0-977-gc230f8ef24 (webtiles) character file.

Game seed: 17148599347667436531

112 Dirtsage the Insei (level 4, 0/29 HPs)
             Began as an Octopode Shapeshifter on Oct 29, 2023.
             Was an Initiate of Wu Jian.
             Killed from afar by an orc wizard (10 damage)
             ... with a magic dart
             ... on level 4 of the Dungeon.
             The game lasted 00:04:35 (3060 turns).

Dirtsage the Insei (Octopode Shapeshifter)          Turns: 3060, Time: 00:04:35

Health: 0/29       AC:  1    Str: 13    XL:     4   Next: 93%
Magic:  4/4        EV: 13    Int: 12    God:    Wu Jian [......]
Gold:   78         SH:  0    Dex: 13    Spells: 3/3 levels left

rFire   . .          .
                       - Unarmed
rCold   . . .        (no shield)
rNeg    . . .        (helmet currently unavailable)
rPois   .            (no amulet)
rElec   .            C - ring of resist corrosion
rCorr   +            (no ring)
SInv    .            (no ring)
Will    .....        (no ring)
Stlth   ++           (no ring)
HPRegen 0.24/turn    (no ring)
MPRegen 0.09/turn    (no ring)
                     (no ring)

%: no passive effects
@: beast-form
A: beast (slay +2), almost no armour, amphibious, 8 rings, camouflage 1,
gelatinous body 1, (nimble swimmer 1), tentacles
a: Begin Untransformation, Renounce Religion


You were on level 4 of the Dungeon.
You worshipped Wu Jian.
Wu Jian was noncommittal.
You were a hulking beast.
You visited 1 branch of the dungeon, and saw 4 of its levels.

You collected 122 gold pieces.
You spent 44 gold pieces at shops.

Inventory:

Jewellery
 C - a ring of resist corrosion (left tentacle)
Talismans
 b - a beast talisman
 c - a flux talisman
Scrolls
 e - a scroll of butterflies {unknown}
 g - a scroll of immolation {unknown}
 j - a scroll of enchant armour {unknown}
 k - 2 scrolls of enchant weapon
 t - a scroll of teleportation
 B - a scroll of blinking
Potions
 a - 2 potions of lignification
 d - 2 potions of attraction
 f - a potion of cancellation
 h - a potion of haste
 q - 2 potions of curing


   Skills:
 + Level 2.1 Fighting
 - Level 2.0 Dodging
 * Level 4.1 Unarmed Combat
 * Level 4.0 Shapeshifting


You had 3 spell levels left.
You didn't know any spells.
Your spell library was empty.

Dungeon Overview and Level Annotations

Branches:
Dungeon (4/15)
 Temple: D:4-7

Altars:
Ashenzari
Cheibriados
Fedhas
Hepliaklqana
Makhleb
Nemelex Xobeh
Trog
Wu Jian
Xom
Yredelemnul

Shops:
D:3 *


Innate Abilities, Weirdness & Mutations

You are a hulking beast.
Your limbs bulge with bestial killing power. (Slay +2)
You cannot wear most types of armour.
You are amphibious.
You can wear up to eight rings at the same time.
Your skin changes colour to match your surroundings (Stealth+).
Your rubbery body absorbs attacks. (AC +1, EV +1)
((You are camouflaged when in or above water. (Stealth+)))
You have tentacles for arms and can constrict up to eight enemies at once.


Message History

A puff of flame appears from out of thin air!
The puff of flame hits you!
* * * LOW HITPOINT WARNING * * *
You take 11 damage, and have 3/29 hp.
MASSIVE DAMAGE!!
You feel much better.
You regained 22 hp, and now have 25/29 hp.
You miss something. Something hits you.
The orc throws a boomerang.
You take 3 damage, and have 22/29 hp.
You tentacle-slap something but do no damage.
You tentacle-slap something but do no damage.
Your squeeze misses something. Something hits you.
The orc throws a boomerang.
The boomerang barely misses you.
You take 3 damage, and have 19/29 hp.
You miss something. You barely miss something. Your squeeze misses something.
Something hits you.
You take 2 damage, and have 17/29 hp.
You barely miss something. Your squeeze misses something. Something hits you.
You tentacle-slap something but do no damage.
You hear some strange, mumbled words.
Something tries to affect you, but you resist.
You closely miss something. You tentacle-slap something.
Your squeeze misses something.
The orc throws a boomerang.
You tentacle-slap something. Your squeeze misses something. Something hits you.
You take 1 damage, and have 16/29 hp.
You closely miss something.
You hear some strange, mumbled words.
A magic dart appears from out of thin air!
The magic dart hits you.
The orc throws a boomerang.
The boomerang misses you.
You take 2 damage, and have 14/29 hp.
You miss something. Something hits you.
You take 2 damage, and have 12/29 hp.
You tentacle-slap something. Something hits you.
You take 2 damage, and have 10/29 hp.
You miss something. Your squeeze misses something.
The orc throws a boomerang.
The boomerang closely misses you.
You tentacle-slap something.
You hear some strange, mumbled words.
A magic dart appears from out of thin air!
The magic dart hits you!
You die...

##....#........
###...###........
#.#..###.........
##.### #.........
#.# #.........
#######.........
##oo.#..........
##{##.............
#h#####o..........
### #...........
#.o.........
#...o.......
#.B..l......
#...........
##...........
#............
#..............


You could see 2 orcs.

Vanquished Creatures
  Jessica (D:2)
  An adder (D:3)
  A worm (D:3)
  An orc (D:4)
  8 endoplasms
  3 giant cockroaches
  7 goblins
  4 hobgoblins
  11 jackals
  7 kobolds
  4 quokkas
  5 ball pythons
  2 bats (D:2)
  2 frilled lizards (D:2)
  5 rats
  A spectral kobold (D:3)
63 creatures vanquished.

Notes
Turn   | Place    | Note
-------+----------+-------------------------------------------
     0 | D:1      | Dirtsage the Octopode Shapeshifter began the quest for the
                  | Orb.
     0 | D:1      | Reached XP level 1. HP: 13/13 MP: 1/1
   101 | D:1      | Reached XP level 2. HP: 18/18 MP: 2/2
   745 | D:1      | Reached XP level 3. HP: 22/23 MP: 3/3
  1507 | D:2      | Noticed Jessica
  1515 | D:2      | Killed Jessica
  1516 | D:2      | Reached XP level 4. HP: 11/29 MP: 4/4
  2073 | D:3      | Found a faded altar of an unknown god.
  2511 | D:3      | Found a snail-covered altar of Cheibriados.
  2513 | D:3      | Found a sparkling altar of Nemelex Xobeh.
  2514 | D:3      | Found an ornate altar of the Wu Jian Council.
  2519 | D:3      | Found a burning altar of Makhleb.
  2520 | D:3      | Found a hazy altar of Hepliaklqana.
  2522 | D:3      | Became a worshipper of the Wu Jian Council
  2524 | D:3      | Found a bloodstained altar of Trog.
  2524 | D:3      | Found a blossoming altar of Fedhas.
  2526 | D:3      | Found a basalt altar of Yredelemnul.
  2530 | D:3      | Found a shimmering altar of Xom.
  2531 | D:3      | Found a broken altar of Ashenzari.
  2568 | D:3      | Found Kanawk's General Store.
  2575 | D:3      | Bought a scroll of identify for 22 gold pieces
  2575 | D:3      | Bought a scroll of identify for 22 gold pieces
  3060 | D:4      | Killed from afar by an orc wizard

Illustrated notes

Levels and vault maps discovered:
D:1:      sevenhm_arrival_forest_fort_small_5, layout_basic
D:2:      layout_basic, hex_tiny, uniq_jessica
D:3:      layout_basic, nicolae_overflow_hallway_of_the_gods, serial_shops,
          shop, dreamdust_ecumenical_altar_drowned_temple
D:4:      layout_layer_cave

Skill      XL: |  1  2  3  4 |
---------------+-------------+-----
Fighting       | 2 |  2.1
Unarmed Combat | 4 |  4.1
Shapeshifting  | 4 |  4.0
Dodging        | |  2.0

Action                     |  1- 3 |  4- 6 || total
---------------------------+-------+-------++-------
  Melee: Unarmed           |    82 |    54 ||   136
         Constrict         |    15 |    10 ||    25
         Punch             |     3 |     3 ||     6
         Tentacles         |    11 |     6 ||    17
Ability: Lunge             |       |     2 ||     2
    Use: Scroll            |       |    10 ||    10
         Potion            |       |     1 ||     1
   Stab: Sleeping          |     5 |     3 ||     8
         Distracted        |     1 |       ||     1
 Armour: Skin              |    26 |    23 ||    49
  Dodge: Dodged            |    47 |    21 ||    68

Table legend: (Time is in decaauts)
 A = Elapsed time spent in this place.
 B = Non-inter-level travel time spent in this place.
 C = Inter-level travel time spent in this place.
 D = Time resting spent in this place.
 E = Time spent auto-exploring this place.
 F = Levels seen in this place.
 G = Mean time per level.
                   A        B        C        D        E       F      G
               +--------+--------+--------+--------+--------+-----+--------+
         Total |   3049 |   2970 |     79 |      0 |   2502 |   4 |  762.2 |
       Dungeon |   3049 |   2970 |     79 |      0 |   2502 |   4 |  762.2 |
               +--------+--------+--------+--------+--------+-----+--------+

Top non-repeatable levels by time:
     D:1: 959 daAuts
     D:3: 892 daAuts
     D:2: 838 daAuts
     D:4: 360 daAuts
